 Dungeon Crawl Stone Soup version 0.25.1-9-gc5326a611f (webtiles) character file.

Game seed: 5673119123178691444

337 RETERIOR the Stinger (level 6, -3/45 HPs)
             Began as a Draconian Venom Mage on Jan 2, 2021.
             Was an Initiate of Gozag.
             Slain by Duvessa
             ... wielding a +0 short sword
              (6 damage)
             ... on level 4 of the Dungeon.
             The game lasted 00:17:29 (4152 turns).

RETERIOR the Stinger (Draconian Venom Mage)         Turns: 4152, Time: 00:17:29

Health: -3/45      AC:  6    Str: 11    XL:     6   Next: 28%
Magic:  7/11       EV: 12    Int: 17    God:    Gozag
Gold:   336        SH:  0    Dex: 11    Spells: 11/12 levels left

rFire    . . .     SeeInvis .   u - +2 hand axe (vamp)
rCold    . . .     Gourm    .   (no shield)
rNeg     . . .     Faith    +   (armour unavailable)
rPois    .         Spirit   .   (helmet restricted)
rElec    .         Reflect  .   (no cloak)
rCorr    .         Harm     .   (no gloves)
MR       .....                  (no boots)
Stlth    ++........             t - amulet of faith
HPRegen  0.15/turn              (no ring)
MPRegen  0.12/turn              (no ring)

@: very slightly contaminated
A: unfitting armour, cold-blooded, AC +6
a: Potion Petition, Call Merchant, Bribe Branch, Renounce Religion


You were on level 4 of the Dungeon.
You worshipped Gozag.
Gozag was aware of your devotion.
You were very hungry.

You visited 1 branch of the dungeon, and saw 4 of its levels.

You collected 358 gold pieces.
You paid 22 gold pieces to Gozag.

Inventory:

Hand Weapons
 a - a +0 club
 d - a +0 spear
 q - a +1 vorpal war axe
 u - a +2 vampiric hand axe (weapon)
Jewellery
 t - an amulet of faith (around neck)
Wands
 n - a wand of flame (22)
Scrolls
 b - 2 scrolls of fog
 e - 2 scrolls of identify
 f - 2 scrolls of remove curse
 g - 3 scrolls of magic mapping
 s - a scroll of enchant armour
 v - a scroll of fear {unknown}
Potions
 h - a potion of curing {unknown}
 j - a potion of brilliance {unknown}
 k - 2 potions of might {unknown}
 m - a potion of heal wounds {unknown}
 o - 2 potions of stabbing {unknown}
 p - 4 potions of flight {unknown}
 r - a potion of haste {unknown}
Comestibles
 c - 5 rations


   Skills:
 + Level 0.2 Fighting
 + Level 0.8 Polearms
 + Level 2.5 Dodging
 + Level 2.5 Stealth
 + Level 3.9 Spellcasting
 + Level 2.7 Transmutations
 + Level 4.3 Poison Magic


You had 11 spell levels left.
You knew the following spells:

 Your Spells              Type           Power        Failure   Level  Hunger
a - Sting                 Tmut/Pois      ###.         3%          1    None

Your spell library contained the following spells:

 Spells                   Type           Power        Failure   Level  Hunger
 Poisonous Vapours        Pois/Air       ##....       10%         2    ##.....
 Ignite Poison            Fire/Tmut/Pois ##......     19%         3    ###....
 Mephitic Cloud           Conj/Pois/Air  #.......     26%         3    ###....
 Olgreb's Toxic Radiance  Pois           ###.....     26%         4    ####...


Dungeon Overview and Level Annotations

Branches:
Dungeon (4/15)             Temple (0/1) D:4

Altars:
Gozag
Kikubaaqudgha
Qazlal
Trog

Annotations:
D:4 Duvessa


Innate Abilities, Weirdness & Mutations

Your plain brown scales are hard. (AC +6)
You cannot fit into any form of body armour.
You are cold-blooded and may be slowed by cold attacks.


Message History

* * * LOW HITPOINT WARNING * * *
As you read the scroll of teleportation, it crumbles to dust.
You feel strangely unstable. Duvessa barely misses you.
Duvessa hits you with a +0 short sword!
* * * LOW HITPOINT WARNING * * *
Found 4 gold pieces.
Your surroundings suddenly seem different.
Found 21 stones.
You hear a shout!
Blink to where?
Press: ? - help, Dir - move target cursor You are very lightly contaminated with residual magic.
As you read the scroll of blinking, it crumbles to dust.
You hear a shout!
Duvessa rages.
As you read the scroll of fog, it crumbles to dust.
The scroll dissolves into smoke.
Duvessa is no longer berserk.
Duvessa hits you with a +0 short sword.
You die...
Your body crumbles into a pile of gold.

# #.................#
#. ####..#####.......#
###.######..##
#......##
#............# #......#
#........###.# #......#
#......#.....# #+#####
###.##....§#.##
########.##.###§#..##
#........#..§@§§§...#
+...........§§e§....#
#.........###§§§§...#
.#....................#
!.....................#
#.............(........
........#............#.
###..#...............#
##.#.#.#...........#


You could see Duvessa (slow).

Vanquished Creatures
  Dowan (D:4)
  An orc priest (D:3)
  2 orc wizards
  A worker ant (D:4)
  A gnoll (D:1)
  7 adders
  An ooze (D:1)
  2 worms (D:2)
  A dart slug (D:2)
  3 leopard geckos
  8 orcs
  2 ball pythons (D:1)
  7 giant cockroaches
  8 goblins
  6 hobgoblins
  5 jackals (D:1)
  10 kobolds
  12 bats
  3 frilled lizards
  4 rats (D:2)
  A withered plant (D:4)
86 creatures vanquished.

Notes
Turn   | Place    | Note
-------+----------+-------------------------------------------
     0 | D:1      | RETERIOR the Draconian Venom Mage began the quest for the
                  | Orb.
     0 | D:1      | Reached XP level 1. HP: 14/14 MP: 3/3
   351 | D:1      | Reached XP level 2. HP: 20/20 MP: 0/5
   873 | D:1      | Reached XP level 3. HP: 26/26 MP: 4/6
  1913 | D:2      | Reached XP level 4. HP: 19/33 MP: 2/8
  2489 | D:2      | Found an opulent altar of Gozag.
  2493 | D:2      | Became a worshipper of Gozag Ym Sagoz the Greedy
  2594 | D:2      | Found a stormy altar of Qazlal.
  2694 | D:2      | Reached XP level 5. HP: 38/38 MP: 6/9
  2849 | D:3      | Found a bloodstained altar of Trog.
  2897 | D:3      | Reached skill level 4 in Poison Magic
  3958 | D:4      | Found an ancient bone altar of Kikubaaqudgha.
  4078 | D:4      | Reached XP level 6. HP: 45/45 MP: 9/11
  4112 | D:4      | Found a staircase to the Ecumenical Temple.
  4120 | D:4      | Noticed Dowan
  4131 | D:4      | Noticed Duvessa
  4133 | D:4      | Killed Dowan
  4140 | D:4      | HP: 1/45 [Duvessa/+0 short sword (8)]
  4152 | D:4      | Slain by Duvessa

Illustrated notes

Levels and vault maps discovered:
D:1:      eino_arrival_water_star, layout_loops_corners,
          minmay_misc_feat_pillars, hangedman_decor_growths
D:2:      minmay_skewed_foursquare, layout_rooms, marbit_many_paths,
          grunt_qazlal_clouds, first_ration
D:3:      layout_rooms, overflow_temple_1_default
D:4:      layout_basic, kiku_gazebo_garden_becter, minmay_temple_entry_slanted,
          minmay_misc_feat_columns, uniq_duvessa

Skill      XL: |  1  2  3  4  5 |
---------------+----------------+-----
Dodging        | 2 |  2.5
Transmutations | 2 |  2.7
Spellcasting   | 3 |  3.9
Stealth        | 2 |  2.5
Poison Magic   | 4 |  4.3
Fighting       | |  0.2
Polearms       | |  0.8

Action                   |  1- 3 |  4- 6 || total
-------------------------+-------+-------++-------
Melee: Unarmed           |     9 |       ||     9
       Spear             |    38 |    26 ||    64
       Tailslap          |     2 |    16 ||    18
       Hand axe          |       |    40 ||    40
 Cast: Sting             |    61 |    93 ||   154
  Use: Scroll            |     5 |     8 ||    13
  Eat: Ration            |     1 |     1 ||     2
       Chunk             |       |     3 ||     3
Armor: Skin              |    20 |    31 ||    51
Dodge: Dodged            |    73 |    48 ||   121
